 Dungeon Crawl Stone Soup version 0.23.2-30-g0e89c35649 (webtiles) character file.

Game seed: 8614925515582947708

357 Descartes the Shield-Bearer (level 6, 0/48 HPs)
             Began as a Formicid Fighter on June 11, 2019.
             Slain by an ogre
             ... wielding a +0 giant club
              (6 damage)
             ... on level 4 of the Dungeon.
             The game lasted 00:07:27 (2847 turns).

Descartes the Shield-Bearer (Formicid Fighter)      Turns: 2847, Time: 00:07:28

Health: 0/48       AC: 10    Str: 21    XL:     6   Next: 96%
Magic:  7/7        EV: 10    Int:  7    God:
Gold:   139        SH: 10    Dex: 12    Spells: 5/5 levels left

rFire    + . .     SeeInvis +   a - +0 war axe
rCold    . . .     Gourm    .   c - +0 shield
rNeg     . . .     Faith    .   r - +0 chain mail (curse)
rPois    .         Spirit   .   (helmet unavailable)
rElec    .         Reflect  .   (no cloak)
rCorr    .         Harm     .   (no gloves)
MR       .....                  o - +0 pair of boots
Stlth    ..........             (no amulet)
HPRegen  0.16/turn              n - ring of protection from fire
MPRegen  0.10/turn              l - +3 ring of evasion

@: lethally poisoned (0 -> -2)
A: permanent stasis, dig shafts and tunnels, four strong arms, antennae 3
a: Dig, Shaft Self


You were on level 4 of the Dungeon.
You were hungry.

You visited 1 branch of the dungeon, and saw 4 of its levels.

You collected 139 gold pieces.

Inventory:

Hand Weapons
 a - a +0 war axe (weapon)
Armour
 c - a +0 shield (worn)
 o - a +0 pair of boots (worn)
 r - a cursed +0 chain mail (worn)
Jewellery
 l - a +3 ring of evasion (right hand)
 n - a ring of protection from fire (left hand)
Wands
 k - a wand of flame (19)
Scrolls
 e - 2 scrolls of remove curse
 g - a scroll of noise {unknown}
 h - 2 scrolls of identify {unknown}
 i - a scroll of magic mapping
 q - a scroll of random uselessness {unknown}
Potions
 d - a potion of might
 j - a potion of ambrosia
 m - a potion of lignification {unknown}
 p - 2 potions of berserk rage {unknown}
Comestibles
 f - 3 rations


   Skills:
 + Level 4.2 Fighting
 + Level 3.1 Axes
 + Level 4.2 Armour
 + Level 2.0 Dodging
 * Level 5.6 Shields
 + Level 2.0 Evocations


You had 5 spell levels left.
You didn't know any spells.
Your spell library contained the following spells:

 Spells                   Type           Power        Failure   Level  Hunger
 Animate Skeleton         Necr           N/A          100%        1    ##.....
 Pain                     Necr           #...         100%        1    ##.....
 Regeneration             Chrm/Necr      #.........   100%        3    ####...
 Vampiric Draining        Necr           #.........   100%        3    ####...
 Animate Dead             Necr           N/A          100%        4    #####..


Dungeon Overview and Level Annotations

Branches:
Dungeon (4/15)
 Temple: D:4-7

Altars:
Kikubaaqudgha
Nemelex Xobeh
Sif Muna
Vehumet
Wu Jian


Innate Abilities, Weirdness & Mutations

You cannot be hasted, slowed, berserked, paralysed or teleported.
You can dig through walls and to a lower floor.
Your four strong arms can wield two-handed weapons with a shield.
You have a pair of large antennae on your head. (SInv)


Message History

The worker ant bites you but does no damage.
You block the worker ant's attack.
You hit the worker ant but do no damage.
The worker ant is almost dead.
The worker ant bites you but does no damage.
You block the worker ant's attack.
You closely miss the worker ant.
The worker ant is almost dead.
The worker ant bites you.
You are poisoned.
The worker ant poisons you!
You slash the worker ant!
You kill the worker ant!
Your Evocations skill increases to level 2!
You feel sick. The ogre hits you with a +0 giant club!
* * * LOW HITPOINT WARNING * * *
You hit the ogre.
The ogre is moderately wounded.
You feel sick. The ogre hits you with a +0 giant club.
You die...

#............. #
....##..########
# ...
#<......... . ..
#.......... . .
#..).......
#.#.#######
#.#..O..#
#.#####.# {
#...@O..# {
#.####..# .# #.#
#..###..##
#.####.........
#............#
######.#####.#
######.#####.#
#.([.........#
#.####.#######


You could see an ogre.

Vanquished Creatures
  A phantom (D:4)
  A scorpion (D:4)
  A howler monkey (D:4)
  A centaur skeleton (D:4)
  A worker ant (D:4)
  An iguana (D:4)
  2 adders
  A worm (D:3)
  3 dart slugs (D:1)
  6 leopard geckos
  A ball python (D:1)
  7 bats
  2 giant cockroaches
  6 goblins
  8 hobgoblins
  6 jackals
  A quokka (D:2)
  3 frilled lizards
  2 jackal skeletons (D:4)
  8 kobolds
  8 rats
70 creatures vanquished.

Notes
Turn   | Place    | Note
-------+----------+-------------------------------------------
     0 | D:1      | Descartes the Formicid Fighter began the quest for the Orb.
     0 | D:1      | Reached XP level 1. HP: 18/18 MP: 1/1
    75 | D:1      | Reached XP level 2. HP: 23/24 MP: 2/2
   115 | D:1      | Reached skill level 4 in Shields
   181 | D:1      | Reached XP level 3. HP: 28/29 MP: 3/3
   921 | D:2      | Found a radiant altar of Vehumet.
   926 | D:2      | Found a sparkling altar of Nemelex Xobeh.
   928 | D:2      | Found an ancient bone altar of Kikubaaqudgha.
   988 | D:2      | Reached skill level 1 in Dodging
   988 | D:2      | Reached XP level 4. HP: 11/35 MP: 4/4
  2299 | D:4      | Reached skill level 1 in Evocations
  2299 | D:4      | Reached XP level 5. HP: 26/42 MP: 5/5
  2479 | D:4      | Found an ornate altar of the Wu Jian Council.
  2479 | D:4      | Found a deep blue altar of Sif Muna.
  2542 | D:4      | Noticed a phantom
  2601 | D:4      | Killed a phantom
  2601 | D:4      | Reached skill level 5 in Shields
  2601 | D:4      | Reached XP level 6. HP: 34/48 MP: 5/7
  2750 | D:4      | Noticed an ogre
  2847 | D:4      | Slain by an ogre

Skill      XL: |  1  2  3  4  5  6 |
---------------+-------------------+-----
Shields        | 4 5 |  5.6
Dodging        | 1 2 |  2.0
Evocations     | 1 2 |  2.0
Fighting       | 4 |  4.2
Armour         | 4 |  4.2
Axes           | 3 |  3.1

Action                   |  1- 3 |  4- 6 || total
-------------------------+-------+-------++-------
Melee: War axe           |    85 |   166 ||   251
 Abil: Dig               |     4 |       ||     4
  Use: Scroll            |     3 |       ||     3
       Potion            |     2 |       ||     2
  Eat: Chunk             |     1 |     5 ||     6
Armor: Scale mail        |    36 |    49 ||    85
       Chain mail        |       |    19 ||    19
Dodge: Dodged            |    27 |    60 ||    87
Block: Shield            |    58 |   103 ||   161
